 Dungeon Crawl Stone Soup version 0.28.0-45-g0d030f2227 (webtiles) character file.

Game seed: 4852815813315868685

142 DemonSlayer the Firebug (level 5, 0/35 HPs)
             Began as a Demonspawn Fire Elementalist on Apr 9, 2022.
             Succumbed to a scorpion's poison
             ... on level 4 of the Dungeon.
             The game lasted 00:06:25 (3303 turns).

DemonSlayer the Firebug (DsFE)                      Turns: 3303, Time: 00:06:26

Health: 0/35       AC:  6    Str:  8    XL:     5   Next: 3%
Magic:  3/9        EV: 12    Int: 18    God:
Gold:   121        SH:  0    Dex: 14    Spells: 4/10 levels left

rFire   . . .      SeeInvis .   b - +0 dagger
rCold   . . .      Faith    .   (no shield)
rNeg    . . .      Spirit   .   a - +0 robe
rPois   .          Reflect  .   (no helmet)
rElec   .          Harm     .   (no cloak)
rCorr   .          Rampage  .   c - +0 pair of gloves
Will    .....                   (no boots)
Stlth   ++........              (no amulet)
HPRegen 0.11/turn               (no ring)
MPRegen 0.22/turn               (no ring)

@: lethally poisoned (0 -> -6)
A: molten scales 2, magic regeneration, demonic touch 1
a: no special abilities


You were on level 4 of the Dungeon.
You visited 1 branch of the dungeon, and saw 4 of its levels.

You collected 186 gold pieces.
You spent 65 gold pieces at shops.

Inventory:

Hand Weapons
 b - a +0 dagger (weapon)
Missiles
 d - 2 datura-tipped darts
Armour
 a - a +0 robe (worn)
 c - a +0 pair of gloves (worn)
Jewellery
 j - a ring of ice
Wands
 n - a wand of iceblast (13)
Scrolls
 e - a scroll of silence {unknown}
 f - 2 scrolls of holy word {unknown}
 i - a scroll of magic mapping {unknown}
 l - 3 scrolls of identify {unknown}
 m - a scroll of blinking {unknown}
Potions
 g - a potion of invisibility {unknown}
 h - a potion of heal wounds
 k - a potion of degeneration {unknown}
 o - a potion of brilliance {unknown}


   Skills:
 + Level 0.1 Fighting
 + Level 0.1 Short Blades
 + Level 2.6 Dodging
 + Level 2.1 Stealth
 + Level 3.2 Spellcasting
 + Level 1.3 Conjurations
 + Level 3.6 Fire Magic


You had 4 spell levels left.
You knew the following spells:

 Your Spells              Type           Power      Damage    Failure   Level
a - Foxfire               Conj/Fire      44%        2x1d6     6%          1
b - Scorch                Fire           32%        2d6       5%          2
c - Inner Flame           Hex/Fire       9%         N/A       22%         3

Your spell library contained the following spells:

 Spells                   Type           Power      Damage    Failure   Level
 Conjure Flame            Conj/Fire      11%        6-21      17%         3
 Static Discharge         Conj/Air       5%         N/A       19%         2
 Flame Wave               Conj/Fire      11%        2d5       50%         4
 Lightning Bolt           Conj/Air       2%         1d14      98%         5
 Maxwell's Capacitive Co  Air            1%         ∞         100%        8


Dungeon Overview and Level Annotations

Branches:
Dungeon (4/15)
 Temple: D:4-7

Altars:

Shops:
D:2 !


Innate Abilities, Weirdness & Mutations

You are mostly covered in molten scales. (AC +3)
You regenerate magic rapidly.
Your touch may inflict minor irresistible damage on your foes.


Message History

You closely miss the scorpion.
The scorpion is severely wounded.
The scorpion stings you but does no damage.
You barely miss the scorpion. Your touch misses the scorpion.
The scorpion is severely wounded.
The scorpion barely misses you.
You barely miss the scorpion.
The scorpion is severely wounded.
The scorpion is no longer more vulnerable to fire.
The scorpion barely misses you. The scorpion stings you.
You hit the scorpion but do no damage.
The scorpion is severely wounded.
The scorpion stings you but does no damage.
You hit the scorpion but do no damage.
The scorpion is severely wounded.
The scorpion stings you!
You hit the scorpion but do no damage.
The scorpion is severely wounded.
The scorpion stings you but does no damage.
You hit the scorpion but do no damage.
The scorpion is severely wounded.
The scorpion stings you.
You are poisoned.
The scorpion poisons you!
You hit the scorpion but do no damage.
The scorpion is severely wounded.
You feel very sick. The scorpion barely misses you. The scorpion stings you.
You hit the scorpion but do no damage.
The scorpion is severely wounded.
* * * LOW HITPOINT WARNING * * *
You feel sick. The scorpion stings you!
* * * LOW HITPOINT WARNING * * *
You hit the scorpion but do no damage.
The scorpion is severely wounded.
* * * LOW HITPOINT WARNING * * *
You feel sick. The scorpion closely misses you.
You barely miss the scorpion.
The scorpion is severely wounded.
You die...

#.)# #.########
##)#......###
#...........### #
#.............# ..#
#.............. ....#
##...[..........
#....###..#............
#..)@#..##...........
#...#s....###........##
#.......#..###.....###
.......###..###...##
#........ #..######
......... ##..
......... #..
.........# #. .......


You could see a scorpion.

Vanquished Creatures
  A hound (D:3)
  A gnoll (D:1)
  An adder (D:2)
  2 worms (D:3)
  3 dart slugs
  8 orcs
  6 bats
  4 endoplasms
  5 giant cockroaches
  7 goblins
  10 hobgoblins
  A quokka (D:3)
  6 ball pythons
  6 frilled lizards
  6 kobolds
  3 rats
70 creatures vanquished.

Vanquished Creatures (others)
  44 foxfires (D:1)
44 creatures vanquished.

Grand Total: 114 creatures vanquished

Notes
Turn   | Place    | Note
-------+----------+-------------------------------------------
     0 | D:1      | DemonSlayer the Demonspawn Fire Elementalist began the
                  | quest for the Orb.
     0 | D:1      | Reached XP level 1. HP: 13/13 MP: 3/3
   324 | D:1      | Gained mutation: Your touch may inflict minor irresistible
                  | damage on your foes. [demonic ancestry]
   324 | D:1      | Reached XP level 2. HP: 7/19 MP: 3/5
   601 | D:1      | Learned a level 2 spell: Scorch
  1232 | D:1      | Gained mutation: You regenerate magic rapidly. [demonic
                  | ancestry]
  1232 | D:1      | Reached XP level 3. HP: 24/24 MP: 1/6
  1902 | D:2      | Found Kyit Lumi's Distillery.
  1920 | D:2      | Bought a potion of heal wounds for 65 gold pieces
  2260 | D:2      | Learned a level 3 spell: Inner Flame
  2316 | D:2      | Found a faded altar of an unknown god.
  2346 | D:2      | Gained mutation: You are partially covered in molten
                  | scales. (AC +2) [demonic ancestry]
  2346 | D:2      | Reached XP level 4. HP: 26/30 MP: 3/8
  3196 | D:4      | Gained mutation: You are mostly covered in molten scales.
                  | (AC +3) [demonic ancestry]
  3196 | D:4      | Reached XP level 5. HP: 28/35 MP: 1/9
  3302 | D:4      | HP: 1/35 [poisoned by a scorpion]
  3303 | D:4      | Succumbed to a scorpion's poison

Illustrated notes

Levels and vault maps discovered:
D:1:      dpeg_arrival_boxorama, layout_basic
D:2:      layout_basic, serial_shops, nicolae_shop_crystal,
          ebering_ecumenical_altar_webs
D:3:      layout_basic
D:4:      layout_cave_pods, minmay_temple_entry_butterflies, uniq_robin

Skill      XL: |  1  2  3  4 |
---------------+-------------+-----
Fire Magic     | 3 |  3.6
Dodging        | 2 |  2.6
Stealth        | 2 |  2.1
Spellcasting   | 3 |  3.2
Fighting       | |  0.1
Short Blades   | |  0.1
Conjurations   | |  1.3

Action                   |  1- 3 |  4- 6 || total
-------------------------+-------+-------++-------
Melee: Dagger            |    69 |    40 ||   109
       Touch             |    12 |     6 ||    18
 Cast: Foxfire           |    31 |       ||    31
       Scorch            |    19 |    28 ||    47
  Use: Potion            |       |     1 ||     1
 Stab: Sleeping          |     4 |     4 ||     8
Armor: Robe              |    25 |    11 ||    36
Dodge: Dodged            |    44 |    27 ||    71
